 Dungeon Crawl Stone Soup version 0.29.1-12-g30fa7ad0bf (webtiles) character file.

Game seed: 15844780512359147844

20381 wingedge the Cleaver (level 12, -15/102 HPs)
             Began as a Palentonga Transmuter on Jan 11, 2023.
             Was a High Priest of Qazlal.
             Demolished by an orc knight
             ... wielding a +2 long sword of protection
              (23 damage)
             ... on level 2 of the Orcish Mines on Jan 12, 2023.
             The game lasted 01:08:32 (15539 turns).

wingedge the Cleaver (Palentonga Transmuter)       Turns: 15539, Time: 01:08:32

Health: -15/102    AC: 19    Str: 25    XL:     12   Next: 44%
Magic:  16/16      EV: 13    Int: 13    God:    Qazlal [*****.]
Gold:   563        SH:  6    Dex: 22    Spells: 11/17 levels left

rFire   + . .      SeeInvis +   a - +5 battleaxe (vorpal)
rCold   + . .      Faith    .   (shield currently unavailable)
rNeg    + . .      Spirit   .   m - +2 robe {rC+ rF+}
rPois   .          Reflect  .   P - +2 hat {Will+}
rElec   .          Harm     .   C - +0 cloak
rCorr   .          Rampage  .   (no gloves)
Will    ++...      Clarity  +   (no barding)
Stlth   ++........              (no amulet)
HPRegen 0.27/turn               G - +6 ring of dexterity
MPRegen 0.15/turn               s - ring of Utocvuni {rN+ Will+ Str+5}

@: protected from physical damage, repel missiles, curled up
A: large, rugged brown scales 3, see invisible, deformed body, roll 1, armoured
tail, reflexive curl, thin skeletal structure 1, agile 1, clarity
a: Rolling Charge, Renounce Religion, Upheaval, Elemental Force, Disaster Area


You were on level 2 of the Orcish Mines.
You worshipped Qazlal.
Qazlal was extremely pleased with you.
You visited 3 branches of the dungeon, and saw 14 of its levels.
You also visited: Sewer, Ossuary and Bailey.

You collected 741 gold pieces.
You spent 178 gold pieces at shops.

Inventory:

Hand Weapons
 a - a +5 vorpal battleaxe (weapon)
 b - a +0 war axe of flaming
 R - a +0 executioner's axe
 T - a +2 vorpal battleaxe
Missiles
 c - 2 boomerangs of dispersal
 l - 3 throwing nets
Armour
 m - a +2 robe of resistance (worn)
 C - a +0 cloak (worn)
 K - the +5 robe of Night {Dark Will+ SInv}
   (You found it in a bailey)

   It shrouds the wearer in darkness, reducing the range at which they can see
   and be seen by others.
   SInv:      It lets you see invisible.
   Will:      It increases your willpower.
 P - a +2 hat of willpower (worn)
 V - the +1 plate armour of Zinitin {-Cast rElec rF++ Will+}
   (You found it on level 11 of the Dungeon)

   rF:        It greatly protects you from fire.
   rElec:     It insulates you from electricity.
   -Cast:     It prevents spellcasting.
   Will:      It increases your willpower.
Jewellery
 o - the ring of Ollutooh {Fire Int+4}
   (You found it on level 7 of the Dungeon)

   [ring of fire]

   It enhances your fire magic.
   Int:       It affects your intelligence (+4).
   rF:        It protects you from fire.
   rC:        It makes you vulnerable to cold.
 s - the ring of Utocvuni (right hand) {rN+ Will+ Str+5}
   (You acquired it on level 10 of the Dungeon)

   [ring of positive energy]

   Str:       It affects your strength (+5).
   rN:        It protects you from negative energy.
   Will:      It increases your willpower.
 G - a +6 ring of dexterity (left hand)
Wands
 d - a wand of flame (37)
 e - a wand of mindburst (13)
 f - a wand of iceblast (25) (quivered)
 t - a wand of paralysis (5)
 F - a wand of acid (2)
Scrolls
 h - 2 scrolls of blinking
 j - 4 scrolls of immolation
 k - 2 scrolls of magic mapping
 n - a scroll of amnesia
 r - a scroll of summoning
 u - 3 scrolls of enchant armour
 x - 4 scrolls of fog
 y - 7 scrolls of teleportation
 z - 3 scrolls of fear
 N - 2 scrolls of poison
 U - a scroll of noise {unknown}
Potions
 g - 3 potions of magic
 i - 5 potions of curing {unknown}
 p - 2 potions of mutation
 q - 7 potions of attraction
 w - 4 potions of heal wounds {unknown}
 A - a potion of resistance {unknown}
 B - 2 potions of brilliance {unknown}
 D - a potion of cancellation {unknown}
 E - a potion of berserk rage {unknown}
 H - 4 potions of flight
 L - a potion of invisibility {unknown}
 M - 3 potions of might
 O - a potion of ambrosia {unknown}


   Skills:
 * Level 9.4 Fighting
 + Level 13.7 Axes
 - Level 5.0 Dodging
 - Level 2.3 Shields
 - Level 4.0 Unarmed Combat
 - Level 3.0 Spellcasting
 - Level 5.0 Transmutations
 - Level 6.0 Ice Magic
 + Level 4.9 Invocations
 - Level 3.0 Evocations


You had 11 spell levels left.
You knew the following spells:

 Your Spells              Type           Power      Damage    Failure   Level
a - Beastly Appendage     Tmut           28%        N/A       3%          1
b - Wereblood             Tmut           14%        N/A       4%          2
c - Ozocubu's Armour      Ice            17%        N/A       6%          3

Your spell library contained the following spells:

 Spells                   Type           Power      Damage    Failure   Level
 Magic Dart               Conj           4%         1d3       22%         1
 Spider Form              Tmut/Pois      8%         N/A       24%         3
 Ice Form                 Ice/Tmut       16%        N/A       24%         4
 Call Imp                 Summ           1%         N/A       34%         2
 Poisonous Vapours        Pois/Air       2%         N/A       34%         2
 Sublimation of Blood     Necr           1%         N/A       34%         2
 Dazzling Flash           Conj/Hex       2%         N/A       56%         3
 Gell's Gravitas          Tloc           1%         N/A       56%         3
 Inner Flame              Hex/Fire       1%         N/A       56%         3
 Mephitic Cloud           Conj/Pois/Air  1%         N/A       56%         3
 Teleport Other           Tloc           1%         N/A       56%         3
 Petrify                  Tmut/Erth      8%         N/A       63%         4
 Cause Fear               Hex            0%         N/A       92%         4
 Corpse Rot               Necr/Pois/Air  1%         N/A       92%         4
 Leda's Liquefaction      Hex/Erth       0%         N/A       92%         4
 Irradiate                Conj/Tmut      4%         3d13      92%         5
 Iskenderun's Battlesphe  Conj           1%         2d6       99%         5
 Lee's Rapid Deconstruct  Erth           0%         3d5*      99%         5
 Dispersal                Tloc           0%         N/A       100%        6
 Statue Form              Tmut/Erth      5%         N/A       100%        6
 Discord                  Hex            0%         N/A       100%        8


Dungeon Overview and Level Annotations

Branches:
Dungeon (11/15)            Temple (1/1) D:7            Lair (0/5) D:11
    Orc (2/2) D:10          Sewer (visited)         Ossuary (visited)
 Bailey (visited)
    Elf: Orc:2

Altars:
Ashenzari
Cheibriados
Dithmenos
Elyvilon
Fedhas
Gozag
Hepliaklqana
Kikubaaqudgha
Makhleb
Nemelex Xobeh
Okawaru
Qazlal
Ru
Sif Muna
Trog
Uskayaw
Vehumet
Wu Jian
Xom
Yredelemnul
Zin
The Shining One

Shops:
D:4 ?   D:5 [   Orc:2 :

Portals:
Trove: D:11 (give +5 demon trident)


Innate Abilities, Weirdness & Mutations

You are completely covered in rugged brown scales. (AC +3, +7% HP)
You have supernaturally acute eyesight. (SInv)
Armour fits poorly on your strangely shaped body.
You can roll at nearby foes to attack.
You have a long armoured tail.
You curl defensively after being hit. (AC +7*)
You have a somewhat thin skeletal structure. (Dex +2, Stealth+)
You are agile. (Dex +4, Str/Int -1)
You possess an exceptional clarity of mind.


Message History

Press: ? - help, v - describe, . - travel
Here: an orc knight, wielding a +2 long sword of protection and wearing a +0 plate armour (moderately wounded)
The floor, spattered with blood.
Okay, then.
Okay, then.
Aiming: Paralyse
Press: ? - help, Shift-Dir - straight line, f/p - orc knight
Aim: an orc knight, wielding a +2 long sword of protection and wearing a +0 plate armour (moderately wounded, chance to affect: 38%)
Okay, then.
Aiming: Corrosive Bolt
Press: ? - help, Shift-Dir - straight line, f/p - orc knight
Aim: an orc knight, wielding a +2 long sword of protection and wearing a +0 plate armour (moderately wounded, 74% to hit)
The bolt of acid hits the orc knight!
The orc knight is heavily wounded.
The orc knight hits you with a +2 long sword of protection.
* * * LOW HITPOINT WARNING * * *
You feel more protected from physical attacks.
Aiming: Corrosive Bolt
Press: ? - help, Shift-Dir - straight line, f/p - orc knight
Aim: an orc knight, wielding a +2 long sword of protection and wearing a +0 plate armour (heavily wounded, 74% to hit)
The bolt of acid hits the orc knight!
The orc knight is heavily wounded.
The orc knight barely misses you.
Aiming: Corrosive Bolt
Press: ? - help, Shift-Dir - straight line, f/p - orc knight
Aim: an orc knight, wielding a +2 long sword of protection and wearing a +0 plate armour (heavily wounded, 74% to hit)
The bolt of acid hits the orc knight!
The orc knight is severely wounded.
You hear a shout!
The orc knight hits you with a +2 long sword of protection.
* * * LOW HITPOINT WARNING * * *
You hit the orc knight but do no damage.
The orc knight is severely wounded.
You hear a shout!
The orc knight hits you with a +2 long sword of protection.
* * * LOW HITPOINT WARNING * * *
You closely miss the orc knight.
The orc knight is severely wounded.
The orc knight hits you with a +2 long sword of protection!!
You die...

...#...##.#......$
..#.......#...... ..
#.............
##.##....#........ .
.$.....#.........
#.#######.##..#........<.
#.....○.##.#.#.....).)...
#...☼))°..)...)..))....
#....o@§..........)....
#...○)#.#............#)
#....####.............)
#.... ##......#....).
#....# #...#..........
#...####................
#....#.#...............).
....##..#...._...........
###............#...#..


You could see an orc knight.

Vanquished Creatures
  Gastronok (D:9)
  A boulder beetle (D:11)
  A two-headed ogre (Orc:1)
  An orc high priest (Orc:1)
  The ghost of zlionsfan the Basher, a novice BaAr of Sif Muna (D:11)
  A wizard (D:11)
  An orc knight (Orc:2)
  An orc sorcerer (Orc:1)
  An unseen horror (D:11)
  2 kobold demonologists
  2 trolls
  A shadow (D:9)
  3 wraiths
  3 wyverns
  27 yaks
  Grum (D:9)
  3 acid dragons (D:11)
  2 water moccasins (D:8)
  25 orc warriors
  A swamp drake (D:10)
  3 black bears (D:11)
  Pargi (Sewer)
  3 sky beasts
  4 wolves (D:9)
  7 centaurs
  8 ogres
  10 bullfrogs
  An elf zombie (Ossuary)
  5 kobold brigands
  A gnoll sergeant (D:10)
  A scorpion (D:7)
  4 necrophages
  10 wights
  A killer bee (D:9)
  A howler monkey (D:5)
  A crimson imp (D:9)
  2 gnoll boudas
  2 jellies
  23 orc priests
  3 hounds
  5 iguanas
  Terence (D:2)
  23 orc wizards
  3 mummies (Ossuary)
  27 gnolls
  11 adders
  2 shadow imps
  2 white imps
  An ufetubus (D:6)
  A worm (D:2)
  2 dart slugs (D:4)
  77 orcs
  6 ball pythons
  7 endoplasms
  5 giant cockroaches
  12 goblins
  7 hobgoblins
  4 jackals
  33 kobolds
  5 quokkas
  6 bats
  10 frilled lizards
  3 goblin zombies (Ossuary)
  3 hobgoblin zombies (Ossuary)
  2 kobold zombies (Ossuary)
  An orc zombie (Ossuary)
  A rat (D:3)
  A spectral goblin (D:1)
431 creatures vanquished.

Vanquished Creatures (others)
  An orc (D:3)
  An endoplasm (D:3)
  7 fungi (D:11)
  9 plants (D:11)
18 creatures vanquished.

Grand Total: 449 creatures vanquished

Notes
Turn   | Place    | Note
-------+----------+-------------------------------------------
     0 | D:1      | wingedge the Palentonga Transmuter began the quest for the
                  | Orb.
     0 | D:1      | Reached XP level 1. HP: 16/16 MP: 3/3
    71 | D:1      | Found a faded altar of an unknown god.
   179 | D:1      | Reached XP level 2. HP: 22/22 MP: 5/5
   298 | D:1      | Learned a level 2 spell: Wereblood
  1173 | D:2      | Reached XP level 3. HP: 25/28 MP: 2/6
  1416 | D:2      | Noticed Terence
  1429 | D:2      | Killed Terence
  1430 | D:2      | Reached XP level 4. HP: 36/36 MP: 4/7
  2905 | D:2      | Reached XP level 5. HP: 26/43 MP: 6/8
  3103 | D:3      | Found a broken altar of Ashenzari.
  4087 | D:4      | Reached skill level 2 in Axes
  4134 | D:4      | Reached XP level 6. HP: 50/50 MP: 7/9
  4142 | D:4      | Found a glowing drain.
  4169 | D:4      | Reached skill level 3 in Axes
  4183 | Sewer    | Entered a sewer
  4238 | Sewer    | Noticed Pargi
  4242 | Sewer    | Killed Pargi
  4243 | Sewer    | Reached skill level 4 in Axes
  4424 | D:4      | Found Italiufo's Magic Scroll Shoppe.
  4429 | D:4      | Gained mutation: You curl defensively after being hit. (AC
                  | +7*) [Palentonga growth]
  4429 | D:4      | Reached XP level 7. HP: 15/55 MP: 10/10
  4432 | D:4      | Reached skill level 5 in Axes
  4673 | D:4      | Bought a scroll of identify for 24 gold pieces
  5092 | D:5      | Entered Level 5 of the Dungeon
  5180 | D:5      | Found a shadowy altar of Dithmenos.
  5181 | D:5      | Found a bloodstained altar of Trog.
  5373 | D:5      | Reached skill level 6 in Axes
  5396 | D:5      | Found Fiut's Antique Armour Shop.
  5827 | D:5      | Reached skill level 7 in Axes
  6116 | D:6      | Found a glowing golden altar of the Shining One.
  6188 | D:6      | Found a sand-covered staircase.
  6202 | Ossuary  | Entered an ossuary
  6202 | Ossuary  | Noticed a wraith
  6202 | Ossuary  | Noticed a wraith
  6202 | Ossuary  | Noticed a wraith
  6265 | Ossuary  | Reached XP level 8. HP: 52/62 MP: 11/11
  6432 | Ossuary  | Gained mutation: You possess an exceptional clarity of
                  | mind. [potion of mutation]
  6432 | Ossuary  | Gained mutation: You have a somewhat thin skeletal
                  | structure. (Dex +2, Stealth+) [potion of mutation]
  6432 | Ossuary  | Gained mutation: You are agile. (Dex +4, Str/Int -1)
                  | [potion of mutation]
  6442 | Ossuary  | Reached skill level 1 in Shields
  7294 | D:6      | Reached skill level 8 in Axes
  7992 | D:6      | Reached skill level 9 in Axes
  8286 | D:7      | Got the Volume of Hurtful Glaciation
  8297 | D:7      | Learned a level 3 spell: Ozocubu's Armour
  8346 | D:7      | Reached XP level 9. HP: 60/69 MP: 12/12
  8348 | D:7      | Reached skill level 1 in Ice Magic
  8615 | D:7      | Found a flagged portal.
  8626 | Bailey   | Entered a bailey
  8661 | Bailey   | Reached skill level 1 in Evocations
  8804 | Bailey   | Reached skill level 5 in Fighting
  9021 | Bailey   | Found the +5 robe of Night {Dark Will+ SInv}
  9312 | D:7      | Found a staircase to the Ecumenical Temple.
  9328 | Temple   | Entered the Ecumenical Temple
  9422 | Temple   | Became a worshipper of Qazlal Stormbringer
  9594 | D:7      | Reached skill level 10 in Axes
  9595 | D:7      | Identified the ring of Ollutooh {Fire Int+4}
  9857 | D:8      | Reached skill level 5 in Transmutations
  9984 | D:8      | Reached XP level 10. HP: 80/81 MP: 11/13
 10008 | D:8      | Reached skill level 11 in Axes
 10325 | D:8      | Reached * piety under Qazlal
 10461 | D:8      | Found an opulent altar of Gozag.
 10840 | D:8      | Found a shimmering altar of Xom.
 11192 | D:5      | Bought a runed hat for 154 gold pieces
 11293 | D:9      | Noticed Grum
 11309 | D:9      | Killed Grum
 11459 | D:9      | Found a blossoming altar of Fedhas.
 11505 | D:9      | Reached skill level 12 in Axes
 11505 | D:9      | Reached XP level 11. HP: 60/89 MP: 11/15
 11902 | D:9      | Noticed Gastronok
 11913 | D:9      | Killed Gastronok
 12427 | D:10     | Entered Level 10 of the Dungeon
 12479 | D:10     | Identified a scroll of acquirement
 12480 | D:10     | Acquired the ring of Utocvuni {rN+ Will+ Str+5}
 12502 | D:10     | Reached ** piety under Qazlal
 12503 | D:10     | Reached skill level 1 in Invocations
 12587 | D:10     | Found a staircase to the Orcish Mines.
 12918 | D:10     | Reached skill level 5 in Ice Magic
 13011 | D:10     | Found an ancient bone altar of Kikubaaqudgha.
 13091 | D:10     | Reached *** piety under Qazlal
 13518 | D:11     | Noticed a wizard
 13521 | D:11     | Killed a wizard
 13555 | D:11     | Noticed zlionsfan's ghost (novice BaAr)
 13563 | D:11     | Found a transporter.
 13567 | D:11     | Found a transporter.
 13577 | D:11     | Reached skill level 13 in Axes
 13579 | D:11     | Killed zlionsfan's ghost
 13812 | D:11     | Noticed a boulder beetle
 13821 | D:11     | Killed a boulder beetle
 13822 | D:11     | Reached XP level 12. HP: 55/100 MP: 16/16
 14174 | D:11     | Found a staircase to the Lair.
 14251 | D:11     | Identified the +1 plate armour of Zinitin {-Cast rElec rF++
                  | Will+}
 14427 | D:11     | Found a portal to a secret trove of treasure.
 14625 | Orc:1    | Entered Level 1 of the Orcish Mines
 14632 | Orc:1    | Noticed an orc high priest
 14639 | Orc:1    | HP: 1/100 [ogre/+0 giant club (8)]
 14641 | Orc:1    | Killed an orc high priest
 15032 | Orc:1    | Reached **** piety under Qazlal
 15099 | Orc:1    | Noticed a two-headed ogre
 15105 | Orc:1    | Killed a two-headed ogre
 15163 | Orc:1    | Reached skill level 5 in Dodging
 15281 | Orc:2    | Entered Level 2 of the Orcish Mines
 15281 | Orc:2    | Found Puuroq's Book Emporium.
 15299 | Orc:2    | Reached ***** piety under Qazlal
 15409 | Orc:2    | Found a burning altar of Makhleb.
 15539 | Orc:2    | Demolished by an orc knight

Illustrated notes

Levels and vault maps discovered:
D:1:      minmay_arrival_doors, layout_loops_ring,
          dreamdust_ecumenical_altar_drowned_temple
D:2:      layout_rooms, uniq_terence
D:3:      layout_rooms, mainiacjoe_overflow_paths, lemuel_flame_loot_1
D:4:      layout_basic, serial_shops, nicolae_shop_crystal,
          gup_sewer_entry_glass
D:5:      layout_cave_pods, mainiacjoe_overflow_divided_tiny, serial_shops,
          nicolae_shop_crystal
D:6:      layout_layer_cave, nicolae_tso_carved_into_rock, enter_ossuary_1,
          serial_glass, glass_columns_c, glass_columns_a, glass_columns_a,
          nicolae_kite_square_tiling_tiny, nrook_mini_vaults
D:7:      layout_loops_ring, minmay_temple_entry_drinking_statues,
          enter_bailey_4
D:8:      layout_cave_pools, mainiacjoe_overflow_small_starburst,
          mainiacjoe_overflow_brackets, serial_park, serial_park_tiny_1,
          serial_park_square3 [serial_park_minivault_5x5_2], serial_park_square1
          [serial_park_minivault_5x5_3], serial_park_square2
D:9:      minmay_angry_zag, layout_cave_pools, lemuel_doored_altar,
          minmay_fire_ice_demons, uniq_grum, uniq_gastronok
D:10:     layout_rooms, kiku_gazebo_pond_becter, erik_orc_1,
          minmay_misc_feat_diagonals
D:11:     layout_roguey, grunt_lair_entry_orc_guard_hut, gammafunk_ghost_arena,
          nicolae_trove_entry_diagonal
Temple:   zaba_magenta_temple
Orc:1:    layout_diamond_mine, nicolae_orc_rich_vein
Orc:2:    grunt_orc_tribal_feast, layout_caves, basic_altar, serial_shops,
          shop_fountains, nicolae_diamond_shop, shop, nicolae_shop_crystal

Skill      XL: |  1  2  3  4  5  6  7  8  9 10 11 12 |
---------------+-------------------------------------+-----
Transmutations | 3 4 5 |  5.0
Fighting       | 2 3 4 5 7 8 9 |  9.4
Dodging        | 2 4 5 |  5.0
Unarmed Combat | 4 |  4.0
Axes           | 2 4 7 9 10 12 13 | 13.7
Shields        | 2 |  2.3
Ice Magic      | 2 4 5 6 |  6.0
Evocations     | 2 3 |  3.0
Spellcasting   | 3 |  3.0
Invocations    | 3 4 |  4.9

Action                   |  1- 3 |  4- 6 |  7- 9 | 10-12 || total
-------------------------+-------+-------+-------+-------++-------
Melee: Unarmed           |    41 |    65 |       |       ||   106
       Headbutt          |     6 |    17 |    22 |    46 ||    91
       Kick              |     3 |    18 |    25 |    52 ||    98
       Tailslap          |     3 |    11 |    17 |    33 ||    64
       Punch             |       |     3 |       |       ||     3
       War axe           |       |    56 |   187 |       ||   243
       Battleaxe         |       |       |    40 |   307 ||   347
 Fire: Sling             |    49 |    42 |       |       ||    91
Throw: Dart              |       |     4 |       |       ||     4
       Throwing net      |       |     1 |       |       ||     1
       Javelin           |       |     4 |     1 |       ||     5
 Cast: Beastly Appendage |    11 |    23 |    26 |    16 ||    76
       Wereblood         |     1 |     7 |    19 |    18 ||    45
       Ozocubu's Armour  |       |       |       |     4 ||     4
 Abil: Rolling Charge    |     4 |    20 |    58 |    77 ||   159
Evoke: Wand              |       |       |     5 |     8 ||    13
  Use: Potion            |     1 |     2 |     5 |     1 ||     9
       Scroll            |       |       |    22 |     8 ||    30
 Stab: Sleeping          |       |     1 |     1 |       ||     2
Armor: Robe              |    17 |    39 |    34 |   106 ||   196
       Skin              |     3 |     5 |    10 |       ||    18
Dodge: Dodged            |    27 |    56 |    60 |   166 ||   309
Block: Kite shield       |       |    23 |    90 |       ||   113
       Other             |       |       |       |    32 ||    32
